 Dungeon Crawl Stone Soup version 0.20.0-14-g326068f (webtiles) character file.

506 Chiseanne the Skirmisher (level 6, -8/56 HPs)
             Began as a Minotaur Fighter on June 9, 2017.
             Was an Initiate of Makhleb.
             Mangled by an orc warrior
             ... wielding a +0 mace
              (12 damage)
             ... on level 5 of the Dungeon.
             The game lasted 00:04:36 (1798 turns).

Chiseanne the Skirmisher (Minotaur Fighter)         Turns: 1798, Time: 00:04:37

Health: -8/56      AC:  7    Str: 25    XL:     6   Next: 97%
Magic:  5/5        EV:  9    Int:  5    God:    Makhleb [......]
Gold:   104        SH: 10    Dex: 12    Spells: 5/5 levels left

rFire    . . .     SeeInvis +   a - +4 hand axe (chop)
rCold    . . .     Gourm    .   c - +0 shield
rNeg     . . .     Faith    .   b - +0 scale mail
rPois    .         Spirit   .   (helmet restricted)
rElec    .         Reflect  .   (no cloak)
rCorr    .         Harm     .   (no gloves)
MR       .....                  (no boots)
Stlth    ..........             (no amulet)
Regen    0.2/turn               r - ring of see invisible
MPRegen  0.1/turn               (no ring)

@: mighty
A: retaliatory headbutt, horns 2
a: Renounce Religion


You were on level 5 of the Dungeon.
You worshipped Makhleb.
Makhleb was noncommittal.
You were not hungry.

You visited 2 branches of the dungeon, and saw 7 of its levels.

You collected 104 gold pieces.

Inventory:

Hand Weapons
 a - a +4 hand axe of chopping (weapon)
 q - a +1 morningstar of protection
Missiles
 j - 79 arrows
 m - 67 stones (quivered)
 p - 14 bolts
 w - 20 sling bullets
Armour
 b - a +0 scale mail (worn)
 c - a +0 shield (worn)
Jewellery
 r - a ring of see invisible (left hand)
Wands
 k - a wand of digging (8/24)
Scrolls
 u - a scroll of teleportation
Potions
 g - 2 potions of invisibility {unknown}
 h - 2 potions of resistance {unknown}
 i - a potion of berserk rage {unknown}
 n - 2 potions of flight {unknown}
 s - 2 potions of magic {unknown}
Comestibles
 f - 2 bread rations
 o - a royal jelly
 x - 17 chunks of flesh


   Skills:
 * Level 5.4 Fighting
 - Level 4.1 Axes
 * Level 5.4 Armour
 * Level 3.3 Dodging
 * Level 5.1 Shields
 * Level 1.2 Invocations


You had 5 spell levels left.
You didn't know any spells.

Dungeon Overview and Level Annotations

Branches:
Dungeon (6/15)             Temple (1/1) D:4

Altars:
Ashenzari
Cheibriados
Elyvilon
Gozag
Kikubaaqudgha
Makhleb
Nemelex Xobeh
Okawaru
Xom
Zin


Innate Abilities, Weirdness & Mutations

You reflexively headbutt those who attack you in melee.
You have a pair of horns on your head.


Message History

Makhleb accepts your kill.
You hit the orc warrior but do no damage.
You slash the orc wizard!
You kill the orc wizard!
Makhleb accepts your kill.
Your Shields skill increases to level 5!
You block the orc warrior's attack.
The orc warrior hits you but does no damage.
You closely miss the orc warrior. You headbutt the orc warrior!
The orc warrior is almost dead.
You hit the orc warrior. The orc warrior hits you with a mace.
The orc warrior hits you with a glaive!!
* * * LOW HITPOINT WARNING * * *
You slash the orc warrior!
You kill the orc warrior!
Makhleb accepts your kill.
Your Invocations skill increases to level 1!
Your shield and scale mail prevent you from hitting the orc warrior.
The orc warrior hits you with a mace!
You die...

######## #......#
#...).)###############
#...)@[)........."....
#....)o)######...#####
#.......# #.>.#
#.......# #...#
#.###.### ##### #.*
#.# **#,* #.# *,,,*
#.# *,*,* *,* *


You could see an orc warrior.

Vanquished Creatures
  An orc warrior (D:5)
  An ogre (D:5)
  A bullfrog skeleton (D:4)
  Terence (D:2)
  2 iguanas (D:4)
  2 orc wizards
  2 worker ants
  Robin (D:2)
  4 gnolls (D:5)
  2 adders (D:4)
  An adder skeleton (D:5)
  2 leopard geckos
  8 orcs
  2 bats (D:1)
  3 giant cockroaches
  8 goblins
  4 hobgoblins (D:2)
  3 jackals (D:5)
  3 frilled lizards
  2 kobolds
  4 rats
57 creatures vanquished.

Notes
Turn   | Place    | Note
-------+----------+-------------------------------------------
     0 | D:1      | Chiseanne the Minotaur Fighter began the quest for the Orb.
     0 | D:1      | Reached XP level 1. HP: 19/19 MP: 0/0
    74 | D:1      | Reached XP level 2. HP: 19/27 MP: 1/1
   233 | D:2      | Noticed Robin
   246 | D:2      | Reached skill level 1 in Dodging
   261 | D:2      | Killed Robin
   261 | D:2      | Reached XP level 3. HP: 32/33 MP: 2/2
   389 | D:2      | Noticed Terence
   398 | D:2      | Killed Terence
   422 | D:3      | Reached XP level 4. HP: 40/40 MP: 3/3
   456 | D:3      | Found a sparkling altar of Nemelex Xobeh.
   693 | D:4      | Reached XP level 5. HP: 28/47 MP: 4/4
   985 | D:4      | Found a shattered altar of Ashenzari.
  1179 | D:4      | Found a staircase to the Ecumenical Temple.
  1188 | Temple   | Entered the Ecumenical Temple
  1225 | Temple   | Became a worshipper of Makhleb the Destroyer
  1311 | D:5      | Entered Level 5 of the Dungeon
  1449 | D:5      | Noticed an ogre
  1455 | D:5      | Killed an ogre
  1455 | D:5      | Reached skill level 5 in Fighting
  1455 | D:5      | Reached skill level 5 in Armour
  1455 | D:5      | Reached XP level 6. HP: 16/56 MP: 5/5
  1764 | D:6      | Noticed an orc warrior
  1766 | D:6      | Noticed an orc warrior
  1796 | D:5      | Reached skill level 5 in Shields
  1798 | D:5      | Killed an orc warrior
  1798 | D:5      | Reached skill level 1 in Invocations
  1798 | D:5      | Mangled by an orc warrior

Skill      XL: |  1  2  3  4  5  6 |
---------------+-------------------+-----
Dodging        | 1 2 3 |  3.3
Axes           | 3 4 |  4.1
Fighting       | 4 5 |  5.4
Armour         | 4 5 |  5.4
Shields        | 4 5 |  5.1
Invocations    | 1 |  1.2

Action                   |  1- 3 |  4- 6 || total
-------------------------+-------+-------++-------
Melee: War axe           |    57 |     5 ||    62
       Headbutt          |     9 |    12 ||    21
       Hand axe          |       |    76 ||    76
  Use: Scroll            |       |     8 ||     8
       Potion            |       |     1 ||     1
  Eat: Chunk             |       |     3 ||     3
Armor: Scale mail        |    23 |    24 ||    47
Dodge: Dodged            |    19 |    26 ||    45
Block: Shield            |    24 |    35 ||    59
